 Dungeon Crawl Stone Soup version 0.29.1-2-gbd0b4ee654 (webtiles) character file.

Game seed: 8391417111438579584

18 KittyFluff the Trooper (level 2, -3/20 HPs)
             Began as a Gargoyle Berserker on Nov 15, 2022.
             Was a Follower of Trog.
             Engulfed by a cloud of flame (23 damage)
             ... on level 1 of the Dungeon.
             The game lasted 00:02:29 (923 turns).

KittyFluff the Trooper (Gargoyle Berserker)          Turns: 923, Time: 00:02:30

Health: -3/20      AC:  5    Str: 20    XL:     2   Next: 70%
Magic:  2/2        EV: 11    Int:  7    God:    Trog [*.....]
Gold:   14         SH:  0    Dex:  9    Spells: 1/1 levels left

rFire   . . .      SeeInvis .   a - +0 mace
rCold   . . .      Faith    .   (no shield)
rNeg    + . .      Spirit   .   b - +0 animal skin
rPois   ∞          Reflect  .   (no helmet)
rElec   +          Harm     .   (no cloak)
rCorr   .          Rampage  .   (no gloves)
Will    .....                   (no boots)
Stlth   +.........              (no amulet)
HPRegen 0.06/turn               (no ring)
MPRegen 0.08/turn               (no ring)

@: no status effects
A: sickness immunity, AC +2, negative energy resistance 1, electricity
resistance, torment resistance 1, petrification resistance
a: Renounce Religion, Berserk


You were on level 1 of the Dungeon.
You worshipped Trog.
Trog was aware of your devotion.
You visited 1 branch of the dungeon, and saw 1 of its levels.

You collected 14 gold pieces.

Inventory:

Hand Weapons
 a - a +0 mace (weapon)
Missiles
 g - 2 poisoned darts (quivered)
Armour
 b - a +0 animal skin (worn)
Scrolls
 c - a scroll of summoning {unknown}
 d - a scroll of blinking {unknown}
 f - a scroll of magic mapping {unknown}
Potions
 e - a potion of brilliance {unknown}


   Skills:
 + Level 3.7 Fighting
 + Level 3.3 Maces & Flails
 * Level 2.4 Armour
 + Level 1.6 Dodging


You had one spell level left.
You didn't know any spells.
Your spell library was empty.

Dungeon Overview and Level Annotations

Branches:
Dungeon (1/15)

Altars:


Innate Abilities, Weirdness & Mutations

You are immune to sickness and miasma.
Your stone body is resilient. (AC +2)
You are immune to poison.
You resist negative energy. (rN+)
You are resistant to electric shocks. (rElec)
You are resistant to unholy torment.
You are immune to petrification.


Message History

You barely miss the rat. The rat closely misses you. The rat barely misses you.
You closely miss the rat. The rat misses you.
The rat bites you but does no damage.
You hit the rat.
The rat is moderately wounded.
The rat bites you but does no damage.
You sock the rat!
You kill the rat!
Trog accepts your kill.
You start resting.
You feel yourself speed up.
You start resting.
You recover from your berserk rage.
You start resting.
HP restored.
You see here a jackal skeleton.
A bat comes into view.
The bat closely misses you. The bat barely misses you.
You hit the bat but do no damage. The bat barely misses you. x3
You hit the bat.
You kill the bat!
Trog accepts your kill.
You see here a bat corpse.
Found six items.
Really walk into a travel-excluded area?
Found a leather armour, a glowing cyan potion and a glowing dark potion.
Really walk into that cloud of flame?
Okay, then.
You are engulfed in blazing flames.
Ouch! That really hurt!
You start resting.
HP restored.
You see here a bat corpse.
Found an escape hatch in the floor.
You open the door.
There is an open door here.
Really walk into a travel-excluded area?
You are engulfed in blazing flames.
Ouch! That really hurt!
You die...

#†# #°☼○# #.#.# #.# #.#
#§§§# #...# #.#
#.#####...######..# #.#
#..☼○§.?![.§§§....# #.#
#..§○.?[:!.§§§..#.####..
##.§.○..)!.§.§.#........
######...######........
#○§§# ####.##.. #@§§#
#####.#... #§☼☼#
#.........
#...#########.....
##.##.#.# #...##
#....#.# ##..## ####.#.#
#...# #.#.######.#.#
###'#........#..
#......####.....


There were no monsters in sight!

Vanquished Creatures
  A dart slug (D:1)
  3 goblins (D:1)
  4 jackals (D:1)
  A quokka (D:1)
  A ball python (D:1)
  2 bats (D:1)
  A frilled lizard (D:1)
  A kobold (D:1)
  2 rats (D:1)
16 creatures vanquished.

Vanquished Creatures (others)
  An endoplasm (D:1)
  A hobgoblin (D:1)
2 creatures vanquished.

Grand Total: 18 creatures vanquished

Notes
Turn   | Place    | Note
-------+----------+-------------------------------------------
     0 | D:1      | KittyFluff the Gargoyle Berserker began the quest for the
                  | Orb.
     0 | D:1      | Reached XP level 1. HP: 14/14 MP: 1/1
   139 | D:1      | Reached XP level 2. HP: 10/19 MP: 2/2
   923 | D:1      | Engulfed by a cloud of flame

Illustrated notes

Levels and vault maps discovered:
D:1:      dpeg_arrival_arbitrary_c, layout_basic,
          dreamdust_ecumenical_altar_grove, st_stairs_13,
          kennysheep_minor_cross, lemuel_flame_loot_1

Action                   || total
-------------------------++-------
Melee: Mace              ||    41
       Punch             ||     1
Invok: Berserk           ||     1
Armor: Animal skin       ||    25
Dodge: Dodged            ||    45
